 Dungeon Crawl Stone Soup version 0.32-a0-928-g1cae6b7ea0 (webtiles) character file.

Game seed: 14625722900747999383

6937 bananaken the Grappler (level 10, 0/96 (100) HPs)
             Began as a Troll Monk on Apr 12, 2024.
             Slain by a wight
             ... wielding a +0 falchion
              (3 damage)
             ... on level 8 of the Dungeon.
             The game lasted 00:16:43 (5169 turns).

bananaken the Grappler (Troll Monk)                 Turns: 5169, Time: 00:16:44

HP:   0/96 (100)    AC:  4    Str: 28    XL:     10   Next: 80%
MP:   9/9           EV: 10    Int:  4    God:
Gold: 316           SH:  5    Dex: 21    Spells: 9/9 levels left

rFire   . .          .
                       - Unarmed
rCold   . . .        c - orb {light}
rNeg    . . .        a - +0 robe
rPois   .            (helmet restricted)
rElec   .            (no cloak)
rCorr   .            (gloves unavailable)
SInv    .            (boots unavailable)
Will    +....        o - amulet of reflection
Stlth   +            k - ring of willpower
HPRegen 1.16/turn    t - +6 ring of dexterity
MPRegen 0.11/turn

%: reflection
@: lethally poisoned (0 -> -5), slowed, glowing, studying Armour, lightly
drained, very slow
A: large, unfitting armour, claws 3, regeneration 1, shaggy fur 1, tough skin 1,
agile 1, deterioration 1, strong 1, devolution 1
a: no special abilities


You were on level 8 of the Dungeon.
You visited 2 branches of the dungeon, and saw 9 of its levels.
You also visited: Bailey.

You collected 316 gold pieces.

Inventory:

Hand Weapons
 b - a +4 triple crossbow of draining
Armour
 a - a +0 robe (worn)
 c - an orb of light (worn)
 h - a scarf of harm
 s - an orb of wrath
Jewellery
 d - a ring of see invisible
 k - a ring of willpower (left claw)
 o - an amulet of reflection (around neck)
 q - a ring of wizardry
 t - a +6 ring of dexterity (right claw)
Talismans
 n - a storm talisman
Wands
 u - a wand of mindburst (12)
 x - a wand of warping (8)
 y - a wand of charming (12)
 D - a wand of digging (6)
Scrolls
 e - a scroll of vulnerability
 f - a scroll of revelation {unknown}
 g - a scroll of brand weapon {unknown}
 i - 6 scrolls of identify
 j - a scroll of poison
 l - a scroll of silence {unknown}
 z - a scroll of enchant weapon {unknown}
 C - a scroll of immolation {unknown}
Potions
 r - a potion of enlightenment
 v - a potion of haste {unknown}
 w - a potion of curing
 A - a potion of mutation


   Skills:
 + Level 6.3 Fighting
 - Level 6.7 Armour
 - Level 3.1 Dodging
 * Level 12.8 Unarmed Combat
 + Level 6.3 Evocations


You had 9 spell levels left.
You didn't know any spells.
Your spell library contained the following spells:

 Spells                   Type           Power      Damage    Failure   Level
 Call Canine Familiar     Summ           0%         N/A       86%         3
 Dazzling Flash           Conj/Hex       0%         N/A       86%         3
 Mephitic Cloud           Conj/Alch/Air  0%         N/A       86%         3
 Sigil of Binding         Hex            0%         N/A       86%         3
 Dimensional Bullseye     Hex/Tloc       0%         N/A       99%         4
 Passage of Golubria      Tloc           0%         N/A       99%         4
 Curse of Agony           Necr           0%         N/A       100%        5
 Silence                  Hex/Air        0%         N/A       100%        5
 Lehudib's Crystal Spear  Conj/Erth      0%         10d2      100%        8


Dungeon Overview and Level Annotations

Branches:
Dungeon (8/15)             Temple (1/1) D:5          Bailey (visited)
   Lair: D:8-11

Altars:
Ashenzari
Cheibriados
Elyvilon
Fedhas
Gozag
Hepliaklqana
Kikubaaqudgha
Makhleb
Nemelex Xobeh
Okawaru
Ru
Sif Muna
Trog
Uskayaw
Vehumet
Xom
Zin
The Shining One

Shops:
D:1 ![   D:4 (   D:6 (


Innate Abilities, Weirdness & Mutations

You are too large for most types of armour.
You have claws for hands.
Your natural rate of healing is unusually fast.
You are covered in fur. (AC +1)
You have tough skin. (AC +1)
You are agile. (Dex +4, Str/Int -1)
Your body sometimes deteriorates upon taking damage.
Your muscles are strong. (Str +4, Int/Dex -1)
You have hidden genetic defects.


Message History

You destroy the wight!
Your life force feels restored.
You scratch the hornet but do no damage.
The hornet stings you.
You feel yourself slow down. The hornet stings you!
You feel as though you will be slow longer.
You scratch the hornet but do no damage.
You feel yourself speed up. The hornet closely misses you.
You closely miss the hornet. The hornet stings you!
You feel yourself slow down. The hornet stings you!
You suddenly lose the ability to move!
A wight comes into view. It is wielding a +0 falchion.
The hornet stings you!
You feel as though you will be slow longer.
The hornet stings you!
You feel as though you will be slow longer.
The hornet stings you but does no damage.
The hornet stings you!
You feel as though you will be slow longer.
You can move again.
Unknown command.
Unknown command.
Unknown command.
It was a potion of mutation.
You feel extremely strange.
You feel agile.
You feel a hidden malignance growing inside you.
You feel yourself wasting away.
You feel stronger. The hornet stings you.
You feel as though you will be slow longer.
The wight hits you with a +0 falchion.
* * * LOW HITPOINT WARNING * * *
You feel drained.
* * * LOW HITPOINT WARNING * * *
The hornet stings you!
* * * LOW HITPOINT WARNING * * *
You are poisoned.
You shrug off the repeated paralysis!
The wight hits you with a +0 falchion!
* * * LOW HITPOINT WARNING * * *
You feel drained.
You die...

#.... #....
#..... ......
#....$#### ##
.........###..##
.......#.......#
........@z.#
.....#.#)y.....#
... ...###....##
. ..... ....#
....... ...#
......z ..##
....... ..
....### ...


You could see a hornet and a wight.

Vanquished Creatures
  2 orc knights (Bailey)
  Eustachio (D:5)
  Edmund (D:6)
  An ice beast (D:6)
  11 orc warriors
  2 black bears (D:5)
  An ogre (D:6)
  2 centaurs
  A phantom (D:5)
  3 bullfrogs
  3 scorpions
  10 wights
  6 killer bees
  4 howler monkeys
  5 hounds
  2 jellies (D:7)
  A gnoll bouda (D:6)
  4 orc priests
  Jessica (D:3)
  4 orc wizards
  10 adders
  6 gnolls
  A white imp (D:7)
  2 ufetubi (D:7)
  3 dart slugs
  2 ribbon worms
  28 orcs
  3 bats
  10 endoplasms
  5 giant cockroaches
  6 hobgoblins
  6 kobolds
  2 quokkas
  4 ball pythons
  3 frilled lizards (D:1)
  7 goblins
  4 rats
167 creatures vanquished.

Notes
Turn   | Place    | Note
-------+----------+-------------------------------------------
     0 | D:1      | bananaken the Troll Monk began the quest for the Orb.
     0 | D:1      | Reached XP level 1. HP: 22/22 MP: 0/0
    55 | D:1      | Found Piepla's Armour Emporium.
   104 | D:1      | Reached XP level 2. HP: 29/29 MP: 1/1
   227 | D:1      | Found Ineojautt's Distillery.
   583 | D:2      | Reached XP level 3. HP: 28/36 MP: 2/2
   956 | D:2      | Reached XP level 4. HP: 45/45 MP: 3/3
  1454 | D:3      | Noticed a scorpion
  1458 | D:3      | Killed a scorpion
  1459 | D:3      | Reached skill level 4 in Unarmed Combat
  1459 | D:3      | Reached XP level 5. HP: 53/53 MP: 4/4
  1468 | D:3      | Identified the +4 leather armour "Suzom" {rPois rF+ Int-3
                  | Dex+4}
  1545 | D:3      | Noticed Jessica
  1550 | D:3      | Killed Jessica
  1992 | D:3      | Found a faded altar of an unknown god.
  2084 | D:4      | Found Der Qyikk's Weapon Boutique.
  2152 | D:4      | Found an iron altar of Okawaru.
  2224 | D:4      | Found a glowing silver altar of Zin.
  2275 | D:4      | Noticed a centaur
  2283 | D:4      | Killed a centaur
  2284 | D:4      | Reached skill level 5 in Unarmed Combat
  2284 | D:4      | Reached XP level 6. HP: 48/62 MP: 5/5
  2301 | D:4      | You fall into a shaft and drop 3 floors!
  2361 | D:7      | Reached skill level 1 in Evocations
  2421 | D:7      | Noticed an orc warrior
  2458 | D:7      | Killed an orc warrior
  2465 | D:7      | Reached XP level 7. HP: 70/70 MP: 6/6
  2492 | D:7      | Found a flagged portal.
  2499 | D:7      | Reached skill level 6 in Unarmed Combat
  2513 | Bailey   | Entered a bailey
  2585 | Bailey   | Reached skill level 7 in Unarmed Combat
  2684 | Bailey   | Reached XP level 8. HP: 40/79 MP: 7/7
  2851 | Bailey   | Reached skill level 5 in Fighting
  2925 | Bailey   | Found a roughly hewn altar of Beogh.
  2925 | Bailey   | Noticed an orc knight
  2925 | Bailey   | Noticed an orc knight
  2936 | Bailey   | Killed an orc knight
  2937 | Bailey   | Reached skill level 8 in Unarmed Combat
  2941 | Bailey   | Killed an orc knight
  2942 | Bailey   | Reached skill level 9 in Unarmed Combat
  2942 | Bailey   | Reached XP level 9. HP: 37/89 MP: 8/8
  2955 | Bailey   | Reached skill level 12 in Unarmed Combat
  2955 | Bailey   | Reached skill level 5 in Evocations
  2955 | Bailey   | Reached XP level 10. HP: 57/98 MP: 9/9
  3220 | D:6      | Found Nuvov's Antique Weapon Shoppe.
  3352 | D:6      | Identified the +3 lajatang of Abomination {venom, rElec rF+
                  | rC+ Str+4}
  3423 | D:6      | Found a broken altar of Ashenzari.
  3450 | D:6      | Found a hazy altar of Hepliaklqana.
  3452 | D:6      | Found an opulent altar of Gozag.
  3537 | D:6      | Noticed Edmund
  3548 | D:6      | Killed Edmund
  3644 | D:6      | Found an ancient bone altar of Kikubaaqudgha.
  3785 | D:5      | Entered Level 5 of the Dungeon
  3788 | D:5      | Found a staircase to the Ecumenical Temple.
  3795 | Temple   | Entered the Ecumenical Temple
  3840 | D:5      | Noticed Eustachio
  3861 | D:5      | Killed Eustachio
  4088 | D:5      | Found a shimmering altar of Xom.
  4146 | D:5      | Found a blossoming altar of Fedhas.
  4439 | D:4      | Found a snail-covered altar of Cheibriados.
  5065 | D:7      | HP: 4/98 [poisoned by a killer bee]
  5165 | D:8      | Paralysed by a hornet for 3 turns
  5169 | D:8      | Gained mutation: You are agile. (Dex +4, Str/Int -1)
                  | [potion of mutation]
  5169 | D:8      | Gained mutation: You have hidden genetic defects. [potion
                  | of mutation]
  5169 | D:8      | Gained mutation: Your body sometimes deteriorates upon
                  | taking damage. [potion of mutation]
  5169 | D:8      | Gained mutation: Your muscles are strong. (Str +4, Int/Dex
                  | -1) [potion of mutation]
  5169 | D:8      | HP: 3/98 [wight/+0 falchion (8)]
  5169 | D:8      | Slain by a wight

Illustrated notes

Levels and vault maps discovered:
D:1:      roderic_crossed_star, layout_basic, serial_shops, shop, shop
D:2:      layout_basic
D:3:      layout_loops_ring, shapermc_ecumenical_altar_mp_vishouse,
          kennysheep_generic_room_10, uniq_jessica
D:4:      layout_rooms, kennysheep_mini, mainiacjoe_overflow_24_doors,
          mainiacjoe_overflow_small_starburst, serial_shops,
          nicolae_shop_scrapyard
D:5:      layout_rooms, xom_butterflies, fedhas_bush_and_centaur_altar,
          minmay_temple_entry_wispy, uniq_eustachio
D:6:      layout_basic, mainiacjoe_overflow_concentric_impassable,
          grunt_temple_overflow_open, serial_shops, shop, uniq_edmund
D:7:      layout_basic, enter_bailey_7, serial_library_hellmonk_filled_rooms
D:8:      layout_cave_pools, dpeg_oklobed_lair
Temple:   nicolae_temple_ecumenical_triangle

Skill      XL: |  1  2  3  4  5  6  7  8  9 10 |
---------------+-------------------------------+-----
Fighting       | 3 4 5 6 |  6.3
Dodging        | 3 |  3.1
Unarmed Combat | 4 5 7 9 12 | 12.8
Evocations     | 1 2 3 5 6 |  6.3
Armour         | 6 |  6.7

Action                     |  1- 3 |  4- 6 |  7- 9 | 10-12 || total
---------------------------+-------+-------+-------+-------++-------
  Melee: Unarmed           |    55 |    85 |    76 |   155 ||   371
  Evoke: Wand              |       |       |     6 |     3 ||     9
    Use: Scroll            |       |     6 |       |     1 ||     7
         Potion            |       |       |     4 |     6 ||    10
 Armour: Robe              |    21 |    52 |    78 |   154 ||   305
  Dodge: Dodged            |    29 |    32 |    68 |   116 ||   245
         Form:             |       |     1 |       |       ||     1
         Storm             |       |     1 |       |       ||     1

Table legend: (Time is in decaauts)
 A = Elapsed time spent in this place.
 B = Non-inter-level travel time spent in this place.
 C = Inter-level travel time spent in this place.
 D = Time resting spent in this place.
 E = Time spent auto-exploring this place.
 F = Levels seen in this place.
 G = Mean time per level.
                   A        B        C        D        E       F      G
               +--------+--------+--------+--------+--------+-----+--------+
         Total |   5112 |   4951 |    161 |    392 |   3374 |  10 |  511.2 |
       Dungeon |   4637 |   4476 |    161 |    196 |   3297 |   8 |  579.6 |
        Temple |      6 |      6 |      0 |      0 |      0 |   1 |    6.0 |
        Bailey |    469 |    469 |      0 |    196 |     77 |   1 |  469.0 |
               +--------+--------+--------+--------+--------+-----+--------+

Top non-repeatable levels by time:
     D:7: 942 daAuts
     D:2: 834 daAuts
     D:3: 665 daAuts
     D:6: 657 daAuts
     D:5: 552 daAuts
     D:1: 529 daAuts
  Bailey: 469 daAuts
     D:4: 438 daAuts
     D:8: 16 daAuts
  Temple: 6 daAuts
